 Dungeon Crawl Stone Soup version 0.18.1-48-g4cf74bf (webtiles) character file.

474 Zapata the Cleaver (level 6, -5/76 HPs)
             Began as a Minotaur Berserker on July 16, 2016.
             Was a Priest of Trog.
             Slain by an orc
             ... wielding a +0 war axe
              (7 damage)
             ... on level 4 of the Dungeon.
             The game lasted 00:04:15 (2801 turns).

Zapata the Cleaver (Minotaur Berserker)             Turns: 2801, Time: 00:04:17

Health: -5/76      AC:  8    Str: 26    XL:     6   Next: 84%
Magic:  5/5        EV:  9    Int:  4    God:    Trog [***...]
Gold:   50         SH:  0    Dex: 12    Spells: 0 memorised, 5 levels left

rFire  . . .     SeeInvis .     a - +0 hand axe
rCold  . . .     Gourm    .     l - +0 chain mail
rNeg   . . .     Faith    .     (no shield)
rPois  .         Spirit   .     (helmet restricted)
rElec  .         Dismiss  .     (no cloak)
rCorr  .         Reflect  .     (no gloves)
SustAt .         Harm     .     (no boots)
MR     .....                    (no amulet)
Stlth  ..........               (no ring)
                                k - ring of stealth

@: berserking, very quick, not resistant to hostile enchantments, extremely
unstealthy
A: retaliatory headbutt, horns 2
a: Berserk, Trog's Hand, Burn Spellbooks, Renounce Religion


You were on level 4 of the Dungeon.
You worshipped Trog.
Trog was most pleased with you.
You were not hungry.

You visited 1 branch of the dungeon, and saw 4 of its levels.

You collected 50 gold pieces.

Inventory:

Hand Weapons
 a - a +0 hand axe (weapon)
Armour
 l - a +0 chain mail (worn)
Jewellery
 k - a ring of stealth (left hand)
Scrolls
 d - 2 scrolls of blinking {unknown}
 h - a scroll of fear {unknown}
 j - 3 scrolls of teleportation {unknown}
 m - a scroll of magic mapping {unknown}
 q - a scroll of random uselessness {unknown}
 r - a scroll of noise {unknown}
 s - a scroll of identify {unknown}
 t - a scroll of remove curse {unknown}
 u - a scroll of immolation {unknown}
Potions
 b - a potion of lignification {unknown}
 e - 2 potions of mutation {unknown}
 g - a potion of curing {unknown}
 i - a potion of flight {unknown}
 n - a potion of heal wounds {unknown}
 o - a potion of haste {unknown}
 p - a potion of brilliance {unknown}
Comestibles
 c - a bread ration
 f - a meat ration


   Skills:
 - Level 3.6 Fighting
 + Level 9.4 Axes
 - Level 2.4 Armour
 - Level 2.1 Dodging


You had 5 spell levels left.
You didn't know any spells.

Dungeon Overview and Level Annotations

Branches:
Dungeon (4/15)
 Temple: D:4-7

Altars:
Elyvilon
Pakellas
Trog
The Shining One


Innate Abilities, Weirdness & Mutations

You reflexively headbutt those who attack you in melee.
You have a pair of horns on your head.


Message History

You feel yourself moving faster!
You feel mighty!
You feel somewhat more hungry. The orc hits you with a whip.
* * * LOW HITPOINT WARNING * * *
The orc priest hits you with a flail!
* * * LOW HITPOINT WARNING * * *
The orc hits you with a mace.
* * * LOW HITPOINT WARNING * * *
You hit the orc priest. Your headbutt misses the orc priest.
The orc priest is moderately wounded.
You slash the orc!
You kill the orc!
Trog accepts your kill.
You barely miss the orc.
The orc is severely wounded.
You slash the orc wizard!
The orc wizard is almost dead.
You hit the orc.
The orc is heavily wounded.
The orc hits you with a war axe!
You die...

#.........##
#..........#
#........$.#.. .#
#...>...o.....
...#............#
..o......>...#
##oooo.....#
#..o@)...(.#.###.
#.≈≈≈≈≈....#.(..
#.≈###≈....#..#
#..+_'.......## #
#.≈###≈.......####
#...≈≈≈≈≈.).........
#...#.......#.......
#....####...(†......
##...####..#######.#


You could see an orc priest, an orc wizard and 5 orcs.

Vanquished Creatures
  Sigmund (D:4)
  The ghost of sarahorange the Chucker, an amateur OgHu (D:3)
  A hound (D:4)
  An orc priest (D:4)
  An orc wizard (D:3)
  4 adders
  2 oozes
  2 worms (D:3)
  A dart slug (D:2)
  2 giant geckos
  6 orcs
  A giant cockroach (D:2)
  10 goblins
  5 hobgoblins
  A quokka (D:3)
  A ball python (D:2)
  11 bats
  5 giant newts
  4 kobolds
  29 rats
89 creatures vanquished.

Notes
Turn   | Place    | Note
--------------------------------------------------------------
     0 | D:1      | Zapata the Minotaur Berserker began the quest for the Orb.
     0 | D:1      | Reached XP level 1. HP: 19/19 MP: 0/0
    68 | D:1      | Reached skill level 4 in Axes
   266 | D:1      | Reached XP level 2. HP: 26/26 MP: 1/1
   750 | D:1      | Reached ** piety under Trog
   750 | D:1      | Reached skill level 5 in Axes
   922 | D:2      | Reached XP level 3. HP: 21/31 MP: 2/2
  1362 | D:2      | Found a glowing golden altar of the Shining One.
  1466 | D:2      | Reached XP level 4. HP: 37/39 MP: 3/3
  1478 | D:2      | Found a white marble altar of Elyvilon.
  1658 | D:2      | Noticed a moth of wrath
  1661 | D:2      | Found a bloodstained altar of Trog.
  1671 | D:2      | Reached skill level 6 in Axes
  1824 | D:3      | Reached *** piety under Trog
  1874 | D:3      | Noticed sarahorange's ghost (amateur OgHu)
  1896 | D:3      | HP: 2/58 [sarahorange's ghost (2)]
  1897 | D:3      | Killed sarahorange's ghost
  1897 | D:3      | Reached skill level 7 in Axes
  1897 | D:3      | Reached XP level 5. HP: 2/45 MP: 4/4
  2572 | D:3      | Reached skill level 8 in Axes
  2714 | D:4      | Noticed Sigmund
  2724 | D:4      | Killed Sigmund
  2724 | D:4      | Reached skill level 9 in Axes
  2724 | D:4      | Reached XP level 6. HP: 36/51 MP: 5/5
  2791 | D:4      | Found an oddly glowing altar of Pakellas.
  2800 | D:4      | HP: 2/76 [orc/mace (3)]
  2801 | D:4      | Slain by an orc

Skill      XL: |  1  2  3  4  5 |
---------------+----------------+-----
Axes           | 4 5 7 9 |  9.4
Fighting       | |  3.6
Armour         | |  2.4
Dodging        | |  2.1

Action                   |  1- 3 |  4- 6 || total
-------------------------+-------+-------++-------
Melee: Hand axe          |    88 |   142 ||   230
       Headbutt          |     7 |    15 ||    22
Invok: Berserk           |       |     3 ||     3
 Stab: Sleeping          |     1 |       ||     1
  Eat: Chunk             |       |     2 ||     2
       Beef jerky        |       |     1 ||     1
       Meat ration       |       |     1 ||     1
Armor: Animal skin       |     3 |       ||     3
       Ring mail         |     4 |       ||     4
       Chain mail        |    20 |    56 ||    76
Dodge: Dodged            |    51 |    46 ||    97
